 Dungeon Crawl Stone Soup version 0.27-a0-1206-g6342a01c75 (webtiles) character file.

Game seed: 7499654436948658212

42518 Glokmah the Pandemonic (level 14, 0/103 HPs)
             Began as a Djinni Venom Mage on June 5, 2021.
             Was a High Priest of Makhleb.
             Slain by a black mamba (9 damage)
             ... on level 6 of the Lair of Beasts.
             The game lasted 00:47:06 (21912 turns).

Glokmah the Pandemonic (Djinni Venom Mage)         Turns: 21912, Time: 00:47:07

Health: 0/103      AC:  8    Str:  7    XL:     14   Next: 55%
Gold:   1131       EV: 14    Int: 23    God:    Makhleb [*****.] SH:  5 Dex: 13

rFire    + + +     SeeInvis +   a - +3 whip (elec)
rCold    x . .     Faith    .   (no shield)
rNeg     + . .     Spirit   .   o - +0 robe
rPois    ∞         Reflect  +   (no helmet)
rElec    .         Harm     .   r - +2 cloak {rPois}
rCorr    .         Rampage  .   H - +2 pair of gloves
Will     +....                  (boots unavailable)
Stlth    ++........             F - amulet of reflection
HPRegen  0.27/turn              Q - ring of see invisible
MPRegen  0.00/turn              N - ring "Obraerph" {rF+ rN+}

@: flying
A: sickness immunity, fire resistance 2, cold vulnerability 1, float, innate
caster, hp casting, extra vitality 1
a: Renounce Religion, Minor Destruction, Lesser Servant of Makhleb, Major
Destruction, Greater Servant of Makhleb


You were on level 6 of the Lair of Beasts.
You worshipped Makhleb.
Makhleb was extremely pleased with you.
You visited 3 branches of the dungeon, and saw 16 of its levels.
You also visited: Gauntlet.

You collected 1131 gold pieces.

Inventory:

Hand Weapons
 a - a +3 whip of electrocution (weapon)
 b - a +6 trident of flaming
 d - a +1 demon trident of draining
 j - a +0 demon trident of protection
 q - a +2 quarterstaff of chaos
Missiles
 c - 11 boomerangs
 e - 21 poisoned darts
 I - a throwing net
 S - 12 javelins
 W - 4 curare-tipped darts
Armour
 o - a +0 robe (worn)
 r - a +2 cloak of poison resistance (worn)
 H - a +2 pair of gloves (worn)
 P - a +0 kite shield
Jewellery
 w - a ring of magical power
 y - a ring of positive energy
 F - an amulet of reflection (around neck)
 K - a ring of ice
 N - the ring "Obraerph" (right hand) {rF+ rN+}
   (You found it in a Gauntlet)

   [ring of positive energy]

   It protects you from fire.
   It protects you from negative energy.
 Q - a ring of see invisible (left hand)
 X - a ring of ice
Wands
 v - a wand of mindburst (10)
 x - a wand of flame (73)
 B - a wand of polymorph (5)
 D - a wand of acid (9)
 T - a wand of digging (5)
 V - a wand of paralysis (6)
Scrolls
 g - 5 scrolls of teleportation
 h - 2 scrolls of enchant armour
 k - a scroll of magic mapping
 t - 6 scrolls of identify
 u - 4 scrolls of fear
 C - 2 scrolls of noise
 M - a scroll of amnesia
 R - 2 scrolls of blinking {unknown}
 U - a scroll of torment {unknown}
 Z - a scroll of immolation
Potions
 f - a potion of heal wounds
 i - a potion of magic
 l - 4 potions of attraction
 m - 7 potions of curing
 n - 4 potions of flight
 p - 5 potions of lignification
 s - 2 potions of cancellation {unknown}
 z - a potion of berserk rage {unknown}
 A - 3 potions of haste
 E - 2 potions of brilliance {unknown}
 J - 2 potions of mutation {unknown}
 L - a potion of degeneration {unknown}
 O - 2 potions of ambrosia {unknown}
Miscellaneous
 G - a condenser vane
 Y - a condenser vane


   Skills:
 + Level 10.8 Fighting
 + Level 5.1 Armour
 + Level 6.2 Dodging
 - Level 1.5 Stealth
 + Level 3.9 Shields
 * Level 12.1 Spellcasting
 * Level 12.6 Invocations


You had 6 spell levels left.
You knew the following spells:

 Your Spells              Type           Power      Damage    Failure   Level
a - Sting                 Tmut/Pois      100%       1d8       1%          1
b - Poisonous Vapours     Pois/Air       100%       N/A       1%          2
c - Mephitic Cloud        Conj/Pois/Air  63%        N/A       1%          3
d - Ignite Poison         Fire/Tmut/Pois 63%        N/A       1%          3
e - Olgreb's Toxic Radia  Pois           63%        N/A       1%          4
f - Metabolic Englaciati  Hex/Ice        31%        N/A       1%          5
g - Call Imp              Summ           63%        N/A       1%          2
h - Call Canine Familiar  Summ           63%        N/A       1%          3
i - Portal Projectile     Hex/Tloc       100%       N/A       1%          3
j - Leda's Liquefaction   Hex/Erth       31%        N/A       1%          4
k - Corona                Hex            70%        N/A       1%          1
Your spell library was empty.

Dungeon Overview and Level Annotations

Branches:
Dungeon (9/15)             Temple (1/1) D:5            Lair (6/6) D:9
 Shoals (0/4) Lair:2        Snake (0/4) Lair:2        Slime (0/5) Lair:5
    Orc (0/2) D:9         Gauntlet (visited)

Altars:
Cheibriados
Dithmenos
Elyvilon
Fedhas
Gozag
Hepliaklqana
Makhleb
Nemelex Xobeh
Okawaru
Qazlal
Ru
Sif Muna
Trog
Uskayaw
Vehumet
Wu Jian
Xom
Yredelemnul
Zin
The Shining One
Jiyva

Shops:
D:9 ?


Innate Abilities, Weirdness & Mutations

You are immune to sickness and miasma.
You are immune to poison.
Your flesh is very heat resistant. (rF++)
You are vulnerable to cold. (rC-)
You float through the air rather than walking.
You learn spells naturally, not from books.
Your magical power is your life essence.
You have superior vitality. (+4 HP)


Message History

The elephant is engulfed in blazing flames.
The black mamba bites you!
Casting: Sting (safe; 1% risk of failure)
Confirm with . or Enter, or press ? or * to list all spells.
Aiming: Mephitic Cloud (safe; 1% risk of failure)
Press: ? - help, Shift-Dir - straight line, p - black mamba The ball explodes into a vile cloud!
The stinking cloud engulfs the black mamba but does no damage.
The black mamba is heavily wounded.
The stinking cloud engulfs you but does no damage.
The yak bellows!
You hear a bellow! x2; You hear a trumpeting!
You hear an angry hiss.
You block the black mamba's attack. The black mamba bites you.
The black mamba bites you! The black mamba bites you.
The black mamba closely misses you.
Casting: Mephitic Cloud (safe; 1% risk of failure)
Confirm with . or Enter, or press ? or * to list all spells.
You ignite the poison in your surroundings!
* * * LOW HITPOINT WARNING * * *
You block the black mamba's attack. The black mamba barely misses you.
The elephant is engulfed in blazing flames.
The black mamba bites you but does no damage.
The black mamba misses you.
Casting: Ignite Poison (safe; 1% risk of failure)
Confirm with . or Enter, or press ? or * to list all spells.
You radiate an aura of cold.
The black mamba seems to slow down. x2
The elephant seems to slow down.
The yak seems to slow down.
* * * LOW HITPOINT WARNING * * *
The black mamba bites you!
* * * LOW HITPOINT WARNING * * *
The black mamba misses you. The black mamba closely misses you.
The black mamba bites you!
* * * LOW HITPOINT WARNING * * *
You feel much better.
The elephant is no longer moving slowly.
The black mamba bites you!
* * * LOW HITPOINT WARNING * * *
The black mamba bites you!
You die...

##..........................#####
#P..........†.................#.#
#..............................##
.............:...................
†................................
........†........................
#.......†........................
.................................
..........Y.Y..S@................
.........☼.#...S.................
...###.#.#....................
##.##............####P...
#..####......#### #P... #..#
###..### ##... ...# ### ###.
#.... #.# #.... ###


You could see an elephant, 2 black mambas and a yak (slow).

Vanquished Creatures
  A dire elephant (Gauntlet)
  2 hydras
  3 boulder beetles
  3 death yaks (Lair:6)
  Sonja (Lair:5)
  An oklob plant (Lair:5)
  3 black mambas
  18 elephants
  2 torpor snails (Lair:3)
  9 cane toads
  9 komodo dragons
  A rime drake (Lair:3)
  A polar bear (Lair:3)
  A merfolk (Lair:2)
  A hornet (Lair:3)
  4 dream sheep (Lair:5)
  24 blink frogs
  A shadow (D:9)
  41 yaks
  5 wyverns
  Grum (D:8)
  A basilisk (Lair:2)
  A steam dragon (D:8)
  3 nagas (Lair:2)
  14 water moccasins
  3 black bears
  2 orc warriors
  A sky beast (D:7)
  3 ice beasts
  2 ogres
  17 wolves
  3 centaurs
  24 bullfrogs
  2 gnoll sergeants
  Blork the orc (D:6)
  3 scorpions
  5 killer bees (D:9)
  4 wights
  5 howler monkeys
  4 electric eels (Lair:5)
  Crazy Yiuf (D:4)
  A jelly (D:4)
  3 hounds
  2 orc priests (D:9)
  2 bullfrog skeletons
  A gnoll shaman (D:8)
  4 orc wizards
  6 iguanas
  4 hell rats (Lair:5)
  A killer bee zombie (D:9)
  A hound skeleton (D:4)
  10 gnolls
  2 adders
  A shadow imp (D:8)
  A white imp (D:5)
  An adder zombie (D:5)
  3 worms
  8 dart slugs
  18 orcs
  6 ball pythons
  4 endoplasms
  3 giant cockroaches
  8 goblins
  7 hobgoblins
  10 jackals
  3 quokkas
  6 bats
  A frilled lizard (D:3)
  6 kobolds
  6 rats
360 creatures vanquished.

Vanquished Creatures (collateral kills)
  A minotaur (Gauntlet)
  A hydra (Lair:6)
  A manticore (D:9)
  A smoke demon (Gauntlet)
  A red devil (Gauntlet)
  2 shadows (Gauntlet)
  A necrophage (D:7)
  A phantom (D:4)
  2 wights
  2 crimson imps (Gauntlet)
  A centaur zombie (D:9)
14 creatures vanquished.

Vanquished Creatures (others)
  32 fungi
  124 plants
156 creatures vanquished.

Grand Total: 530 creatures vanquished

Notes
Turn   | Place    | Note
-------+----------+-------------------------------------------
     0 | D:1      | Glokmah the Djinni Venom Mage began the quest for the Orb.
     0 | D:1      | Reached XP level 1. HP: 15/15 MP: 0/0
   360 | D:1      | Reached XP level 2. HP: 20/22 MP: 0/0
   850 | D:1      | Reached skill level 1 in Fighting
   996 | D:1      | Reached XP level 3. HP: 16/27 MP: 0/0
   996 | D:1      | Learned a level 1 spell: Corona
  1121 | D:1      | Found a faded altar of an unknown god.
  2154 | D:2      | Reached XP level 4. HP: 28/32 MP: 0/0
  3279 | D:3      | Reached XP level 5. HP: 35/38 MP: 0/0
  3279 | D:3      | Learned a level 2 spell: Call Imp
  4554 | D:4      | Reached XP level 6. HP: 41/46 MP: 0/0
  4897 | D:4      | Reached XP level 7. HP: 35/50 MP: 0/0
  4897 | D:4      | Learned a level 3 spell: Portal Projectile
  5100 | D:4      | Found a runed translucent door.
  5101 | D:4      | Noticed Crazy Yiuf
  5116 | D:4      | Killed Crazy Yiuf
  5651 | D:5      | Entered Level 5 of the Dungeon
  5715 | D:5      | Reached skill level 5 in Spellcasting
  5915 | D:5      | Reached XP level 8. HP: 43/58 MP: 0/0
  6485 | D:5      | Found a staircase to the Ecumenical Temple.
  6531 | Temple   | Entered the Ecumenical Temple
  6796 | Temple   | Became a worshipper of Makhleb the Destroyer
  6950 | D:5      | Found a glowing silver altar of Zin.
  7046 | D:6      | Reached skill level 1 in Invocations
  7050 | D:6      | Reached skill level 5 in Fighting
  7328 | D:6      | Noticed Blork the orc
  7333 | D:6      | Killed Blork the orc
  7478 | D:6      | Found a basalt altar of Yredelemnul.
  7971 | D:6      | Reached XP level 9. HP: 49/65 MP: 0/0
  7971 | D:6      | Learned a level 3 spell: Call Canine Familiar
  9486 | D:8      | Reached * piety under Makhleb
  9487 | D:8      | Reached skill level 5 in Invocations
 10085 | D:8      | Reached XP level 10. HP: 67/73 MP: 0/0
 10296 | D:8      | Noticed Grum
 10299 | D:8      | Killed Grum
 10603 | D:9      | Reached ** piety under Makhleb
 10629 | D:9      | Found Istyd's Magic Scroll Emporium.
 10880 | D:9      | Noticed a manticore
 10885 | D:9      | Killed a manticore
 11226 | D:9      | Found a staircase to the Lair.
 11501 | D:9      | Found a staircase to the Orcish Mines.
 11701 | Lair:1   | Entered Level 1 of the Lair of Beasts
 12033 | Lair:1   | Noticed a komodo dragon
 12036 | Lair:1   | Killed a komodo dragon
 12073 | Lair:1   | Reached XP level 11. HP: 62/79 MP: 0/0
 12073 | Lair:1   | Learned a level 4 spell: Leda's Liquefaction
 13548 | Lair:2   | Noticed a boulder beetle
 13555 | Lair:2   | Killed a boulder beetle
 13610 | Lair:2   | Noticed an elephant
 13619 | Lair:2   | Killed an elephant
 13737 | Lair:2   | Found a glowing silver altar of Zin.
 13761 | Lair:2   | You are sucked into a shaft and drop 1 floor!
 13778 | Lair:3   | Reached skill level 10 in Invocations
 13814 | Lair:2   | Reached XP level 12. HP: 40/88 MP: 0/0
 14047 | Lair:2   | Found a staircase to the Snake Pit.
 14055 | Lair:2   | Reached skill level 10 in Spellcasting
 14448 | Lair:2   | Found a staircase to the Shoals.
 14705 | Lair:2   | Reached *** piety under Makhleb
 17039 | Lair:4   | Found an ornate altar of the Wu Jian Council.
 17039 | Lair:4   | Found a hide-covered altar of Uskayaw.
 17040 | Lair:4   | Noticed a boulder beetle
 17047 | Lair:4   | Killed a boulder beetle
 17048 | Lair:4   | Reached XP level 13. HP: 57/95 MP: 0/0
 17048 | Lair:4   | Learned a level 5 spell: Metabolic Englaciation
 17460 | Lair:5   | Noticed a five-headed hydra
 17491 | Lair:5   | Found a gate leading to a gauntlet.
 17494 | Lair:5   | Reached skill level 1 in Armour
 17508 | Lair:5   | Killed a five-headed hydra
 17519 | Gauntlet | Entered a Gauntlet
 17519 | Gauntlet | Found a transporter.
 17519 | Gauntlet | Found a large runed translucent door.
 17519 | Gauntlet | Found a large runed translucent door.
 17519 | Gauntlet | Found a large runed translucent door.
 17519 | Gauntlet | Found a large runed translucent door.
 17519 | Gauntlet | Found a runed translucent door.
 17519 | Gauntlet | Found a runed translucent door.
 17519 | Gauntlet | Found a large runed translucent door.
 17519 | Gauntlet | Found a large runed translucent door.
 17519 | Gauntlet | Found a large runed translucent door.
 17519 | Gauntlet | Found a large runed translucent door.
 17519 | Gauntlet | Found a large runed translucent door.
 17519 | Gauntlet | Found a large runed translucent door.
 17849 | Gauntlet | Found a large runed translucent door.
 17849 | Gauntlet | Found a large runed translucent door.
 17858 | Gauntlet | Found a transporter.
 17873 | Gauntlet | Found a transporter.
 17878 | Gauntlet | Found a transporter.
 17880 | Gauntlet | Noticed a dire elephant
 17893 | Gauntlet | Found a transporter.
 17912 | Gauntlet | Found a transporter.
 17924 | Gauntlet | Found a transporter.
 17930 | Gauntlet | Found a transporter.
 17945 | Gauntlet | Found a transporter.
 17957 | Gauntlet | Found a transporter.
 17972 | Gauntlet | Found a transporter.
 17984 | Gauntlet | Noticed a green death
 17986 | Gauntlet | Found a transporter.
 18004 | Gauntlet | Found a transporter.
 18006 | Gauntlet | Found a transporter.
 18007 | Gauntlet | Found the +0 pair of fencer's gloves {Riposte Dex+3}
 18024 | Gauntlet | Found a large runed translucent door.
 18025 | Gauntlet | Found a large runed translucent door.
 18029 | Gauntlet | Found a runed translucent gate.
 18029 | Gauntlet | Found a runed translucent gate.
 18029 | Gauntlet | Found a runed translucent gate.
 18031 | Gauntlet | Found a transporter.
 18033 | Gauntlet | Found a transporter.
 18039 | Gauntlet | Found a large runed translucent door.
 18040 | Gauntlet | Found a large runed translucent door.
 18053 | Gauntlet | Found a transporter.
 18143 | Gauntlet | Found a transporter.
 19081 | Gauntlet | Killed a dire elephant
 19082 | Gauntlet | Reached skill level 10 in Fighting
 19084 | Gauntlet | Identified the ring "Obraerph" {rF+ rN+}
 19108 | Gauntlet | Noticed a minotaur
 19115 | Gauntlet | Killed a minotaur
 19537 | Lair:5   | Reached **** piety under Makhleb
 19752 | Lair:5   | Noticed Sonja
 19754 | Lair:5   | Killed Sonja
 19833 | Lair:5   | Reached skill level 1 in Shields
 20867 | Lair:5   | Found a viscous altar of Jiyva.
 20867 | Lair:5   | Found a staircase to the Slime Pits.
 21097 | Lair:6   | Entered Level 6 of the Lair of Beasts
 21101 | Lair:6   | Noticed an eight-headed hydra
 21104 | Lair:6   | Reached skill level 5 in Dodging
 21112 | Lair:6   | Killed an eight-headed hydra
 21543 | Lair:6   | Reached XP level 14. HP: 92/103 MP: 0/0
 21571 | Lair:6   | Reached ***** piety under Makhleb
 21662 | Lair:6   | Reached skill level 5 in Armour
 21910 | Lair:6   | HP: 1/103 [black mamba (10)]
 21912 | Lair:6   | Slain by a black mamba

Illustrated notes

Levels and vault maps discovered:
D:1:      saegor_arrival_simple_b, layout_basic,
          ebering_ecumenical_altar_abandoned, minivault_24
D:2:      layout_basic, minmay_hedge_maze, minmay_misc_feat_chi,
          minmay_tromino_v4_c
D:3:      layout_loops_ring
D:4:      layout_gridville, uniq_crazy_yiuf_cottage
D:5:      layout_cave_pools, nicolae_overflow_crystal_walls, temple_green
D:6:      layout_rooms, marbit_many_paths, uniq_blork_the_orc
D:7:      layout_basic, grunt_ministairs_9
D:8:      layout_basic, uniq_grum
D:9:      layout_small_grid, lair_entry_dummy, orc_0_dummy, serial_shops,
          shop_scrolls
Temple:   dpeg_five_rooms_temple
Lair:1:   layout_layer_cave, beast_lair_carwin_5
Lair:2:   wad_woods_stonehenge, layout_cellular_growth,
          elwin_shoals_entry_rooms, minmay_snake_entry_guardpost_medium,
          minivault_11
Lair:3:   layout_roguey, serial_bayou_pond_b
Lair:4:   layout_misc_corridors, grunt_forest_stairs_basic,
          nzn_masters_of_martial_movement
Lair:5:   layout_cave_pods, dpeg_slime_entry_enclosed_altar,
          gauntlet_entry_generic, st_stairs_4, minivault_19,
          serial_bayou_lagoon_b, uniq_sonja
Lair:6:   cheibrodos_lair_end_hotspot, layout_hall_layers,
          chequers_serial_rivers_micro_e, st_stairs_9

Skill      XL: |  1  2  3  4  5  6  7  8  9 10 11 12 13 14 |
---------------+-------------------------------------------+-----
Fighting       | 1 2 3 4 5 6 7 8 9 10 | 10.8
Spellcasting   | 3 4 5 6 7 8 9 10 11 12 | 12.1
Invocations    | 3 5 8 10 11 12 | 12.6
Armour         | 4 5 |  5.1
Dodging        | 5 6 |  6.2
Shields        | 2 3 |  3.9
Stealth        | |  1.5

Action                   |  1- 3 |  4- 6 |  7- 9 | 10-12 | 13-15 || total
-------------------------+-------+-------+-------+-------+-------++-------
Melee: Short sword       |     6 |    15 |       |       |       ||    21
       Whip              |       |     4 |    45 |    41 |    21 ||   111
 Cast: Sting             |    45 |    28 |    41 |    64 |    36 ||   214
       Poisonous Vapours |    24 |    32 |    50 |    60 |    43 ||   209
       Olgreb's Toxic Ra |       |     4 |     8 |    38 |    37 ||    87
       Ignite Poison     |       |     2 |    28 |    69 |    71 ||   170
       Call Imp          |       |     3 |     6 |       |     9 ||    18
       Mephitic Cloud    |       |       |     4 |     9 |    21 ||    34
       Call Canine Famil |       |       |     6 |     1 |     4 ||    11
       Leda's Liquefacti |       |       |       |     4 |     1 ||     5
       Metabolic Englaci |       |       |       |       |    18 ||    18
Invok: Minor Destruction |       |       |       |       |     4 ||     4
       Lesser Servant of |       |       |       |       |     2 ||     2
  Use: Potion            |       |     1 |       |       |     4 ||     5
       Scroll            |       |       |       |    14 |     5 ||    19
Armor: Robe              |     4 |     9 |    11 |    32 |    33 ||    89
Dodge: Dodged            |    22 |    18 |    32 |    62 |    70 ||   204
Block: Other             |       |       |       |    34 |    24 ||    58

Table legend: (Time is in decaauts)
 A = Elapsed time spent in this place.
 B = Non-inter-level travel time spent in this place.
 C = Inter-level travel time spent in this place.
 D = Time resting spent in this place.
 E = Time spent auto-exploring this place.
 F = Levels seen in this place.
 G = Mean time per level.
                   A        B        C        D        E       F      G
               +--------+--------+--------+--------+--------+-----+--------+
         Total |  21945 |  20528 |   1417 |   3547 |  14179 |  17 | 1290.9 |
       Dungeon |  11408 |  10492 |    916 |   1078 |   8210 |   9 | 1267.6 |
        Temple |    298 |    263 |     35 |      0 |    261 |   1 |  298.0 |
          Lair |   8386 |   7920 |    466 |   1532 |   5391 |   6 | 1397.7 |
      Gauntlet |   1851 |   1851 |      0 |    937 |    317 |   1 | 1851.0 |
               +--------+--------+--------+--------+--------+-----+--------+

Top non-repeatable levels by time:
  Lair:2: 2234 daAuts
  Lair:5: 2098 daAuts
Gauntlet: 1851 daAuts
     D:1: 1534 daAuts
  Lair:1: 1463 daAuts
     D:3: 1397 daAuts
     D:4: 1384 daAuts
     D:2: 1382 daAuts
     D:8: 1342 daAuts
  Lair:3: 1163 daAuts
     D:6: 1151 daAuts
     D:7: 1087 daAuts
     D:9: 1068 daAuts
     D:5: 1059 daAuts
  Lair:4: 943 daAuts
